 Dungeon Crawl Stone Soup version 0.27-a0-1101-ge311f74bc8 (webtiles) character file.

Game seed: 14718176741486099084

83 robertstho the Chopper (level 4, -4/32 HPs)
             Began as an Octopode Berserker on Apr 28, 2021.
             Was a Believer of Trog.
             Slain by Sigmund
             ... wielding a +0 scythe
              (15 damage)
             ... on level 3 of the Dungeon.
             The game lasted 00:03:20 (2140 turns).

robertstho the Chopper (Octopode Berserker)         Turns: 2140, Time: 00:03:21

Health: -4/32      AC:  1    Str: 17    XL:     4   Next: 44%
Magic:  4/4        EV: 13    Int:  9    God:    Trog [**....]
Gold:   60         SH:  0    Dex: 11    Spells: 3/3 levels left

rFire    . . .     SeeInvis .   f - +0 battleaxe
rCold    . . .     Faith    .   (shield currently unavailable)
rNeg     . . .     Spirit   .   (helmet restricted)
rPois    .         Reflect  .   (no amulet)
rElec    .         Harm     .   (no ring)
rCorr    .         Rampage  .   (no ring)
Will     .....                  (no ring)
Stlth    +++.......             (no ring)
HPRegen  0.10/turn              (no ring)
MPRegen  0.09/turn              (no ring)
                                (no ring)
                                (no ring)

@: on berserk cooldown, slowed, very slow
A: almost no armour, amphibious, 8 rings, camouflage 1, gelatinous body 1,
(nimble swimmer 1), tentacles
a: Renounce Religion, Berserk, Trog's Hand


You were on level 3 of the Dungeon.
You worshipped Trog.
Trog was pleased with you.
You visited 1 branch of the dungeon, and saw 3 of its levels.

You collected 60 gold pieces.

Inventory:

Hand Weapons
 a - a +0 hand axe
 b - a +2 vampiric short sword
 f - a +0 battleaxe (weapon)
Missiles
 j - a throwing net
Scrolls
 c - a scroll of identify
 e - a scroll of noise {unknown}
 h - a scroll of immolation {unknown}
 i - a scroll of teleportation {unknown}
Potions
 d - a potion of brilliance {unknown}


   Skills:
 * Level 3.6 Fighting
 + Level 0.2 Short Blades
 + Level 3.8 Axes
 + Level 3.3 Dodging
 * Level 2.4 Stealth


You had 3 spell levels left.
You didn't know any spells.
Your spell library was empty.

Dungeon Overview and Level Annotations

Branches:
Dungeon (3/15)

Altars:
Trog

Annotations:
D:3 Sigmund


Innate Abilities, Weirdness & Mutations

You cannot wear most types of armour.
You are amphibious.
You can wear up to eight rings at the same time.
Your skin changes colour to match your surroundings (Stealth+).
Your rubbery body absorbs attacks. (AC +1, EV +1)
((You are camouflaged near water. (Stealth+)))
You have tentacles for arms and can constrict up to eight enemies at once.


Message History

Your grab misses the hobgoblin. The hobgoblin barely misses you.
You barely miss the hobgoblin. Your grab misses the hobgoblin.
The hobgoblin misses you.
Sigmund the Dreaded comes into view.
He is wielding a +0 scythe.
An orc comes into view. It is wielding a +0 flail.
The hobgoblin hits you.
You barely miss the hobgoblin.
Sigmund shouts!
The orc shouts!
You grab the hobgoblin. You constrict the hobgoblin.
Sigmund gestures at himself while chanting.
Sigmund flickers and vanishes!
Deactivating autopickup; reactivate with Ctrl-A.
The hobgoblin closely misses you. The ball python bites you.
The ball python barely misses you.
A rat comes into view.
A red film seems to cover your vision as you go berserk!
You feel yourself moving faster!
You feel mighty!
You constrict the hobgoblin.
You kill the hobgoblin!
Trog accepts your kill. The ball python bites you. The ball python misses you.
You slash the ball python!
You kill the ball python!
Trog accepts your kill.
You see here a hobgoblin corpse.
You feel a strong urge to attack something.
The orc barely misses you.
You slash the orc!
You kill the orc!
Trog accepts your kill.
You miss something. Something hits you.
You barely miss the rat. Your grab misses the rat. You closely miss something.
The rat barely misses you. Something hits you! The rat bites you.
You slash the rat!
You kill the rat!
Trog accepts your kill.
You hit something. Something hits you!
You are no longer berserk.
You are exhausted.
You feel yourself slow down. Something hits you!
You die...

..............
...............
...............
...............
#.............#
............#.#
#...#.......#
#.@....... .
###..######.
#.##..††#
........#
........# ....
........###
......
..........##
......
.......##..#####
....... ......#
##.....###......


There were no monsters in sight!

Vanquished Creatures
  3 adders (D:2)
  A worm (D:2)
  A dart slug (D:2)
  An orc (D:3)
  4 bats
  4 endoplasms
  A giant cockroach (D:2)
  7 hobgoblins
  3 jackals (D:1)
  A quokka (D:2)
  5 ball pythons
  2 frilled lizards
  5 goblins
  6 kobolds
  3 rats
47 creatures vanquished.

Notes
Turn   | Place    | Note
-------+----------+-------------------------------------------
     0 | D:1      | robertstho the Octopode Berserker began the quest for the
                  | Orb.
     0 | D:1      | Reached XP level 1. HP: 16/16 MP: 1/1
   207 | D:1      | Reached XP level 2. HP: 21/21 MP: 2/2
   760 | D:1      | Reached ** piety under Trog
   823 | D:1      | Reached XP level 3. HP: 26/26 MP: 3/3
   858 | D:2      | Reached skill level 1 in Stealth
  1341 | D:2      | Reached XP level 4. HP: 32/32 MP: 4/4
  1670 | D:2      | Found a bloodstained altar of Trog.
  2131 | D:3      | Noticed Sigmund
  2140 | D:3      | Slain by Sigmund

Illustrated notes

Levels and vault maps discovered:
D:1:      dpeg_arrival_subterranean_lakeside_camping, layout_rooms
D:2:      layout_loops_ring, basic_altar
D:3:      layout_rooms, grunt_ministairs_12, uniq_sigmund

Skill      XL: |  1  2  3 |
---------------+----------+-----
Stealth        | 2 |  2.4
Fighting       | |  3.6
Short Blades   | |  0.2
Axes           | |  3.8
Dodging        | |  3.3

Action                   |  1- 3 |  4- 6 || total
-------------------------+-------+-------++-------
Melee: Hand axe          |    19 |       ||    19
       Constrict         |    14 |     2 ||    16
       Tentacles         |    10 |     2 ||    12
       Short sword       |    16 |       ||    16
       Battleaxe         |    24 |    17 ||    41
Invok: Berserk           |     3 |     2 ||     5
  Use: Scroll            |     2 |       ||     2
 Stab: Sleeping          |    10 |     2 ||    12
Armor: Skin              |     3 |       ||     3
Dodge: Dodged            |    39 |     9 ||    48

Table legend: (Time is in decaauts)
 A = Elapsed time spent in this place.
 B = Non-inter-level travel time spent in this place.
 C = Inter-level travel time spent in this place.
 D = Time resting spent in this place.
 E = Time spent auto-exploring this place.
 F = Levels seen in this place.
 G = Mean time per level.
                   A        B        C        D        E       F      G
               +--------+--------+--------+--------+--------+-----+--------+
         Total |   2202 |   2080 |    122 |     86 |   1694 |   3 |  734.0 |
       Dungeon |   2202 |   2080 |    122 |     86 |   1694 |   3 |  734.0 |
               +--------+--------+--------+--------+--------+-----+--------+

Top non-repeatable levels by time:
     D:1: 1075 daAuts
     D:2: 1013 daAuts
     D:3: 113 daAuts
